 Dungeon Crawl Stone Soup version 0.30-a0-310-g7d6cbdfea6 (webtiles) character file.

Game seed: 5036161178658330837

198 McGhostyFace the Merchant of Misery (level 5, -3/38 HPs)
             Began as a Gnoll Wanderer on Oct 24, 2022.
             Was a Believer of Kikubaaqudgha.
             Slain by an orc
             ... wielding a +0 trident
              (8 damage)
             ... on level 3 of the Dungeon.
             The game lasted 00:08:29 (2503 turns).

McGhostyFace the Merchant of Misery (GnWn)          Turns: 2503, Time: 00:08:31

Health: -3/38      AC:  4    Str: 10    XL:     5   Next: 77%
Magic:  4/9        EV: 11    Int: 16    God:    Kikubaaqudgha [**....]
Gold:   91         SH:  0    Dex: 10    Spells: 9/10 levels left

rFire   . . .      SeeInvis .    a - +0 short sword
rCold   . . .      Faith    .    (no shield)
rNeg    . . .      Spirit   .    h - +0 leather armour
rPois   .          Reflect  .    (no helmet)
rElec   .          Harm     .    t - +0 cloak
rCorr   .          Rampage  .    (no gloves)
Will    .....                    (no boots)
Stlth   +.........               (no amulet)
HPRegen 0.26/turn                (no ring)
MPRegen 0.11/turn                (no ring)

@: no status effects
A: fangs 1, strong nose, distributed training
a: Renounce Religion, Unearth Wretches


You were on level 3 of the Dungeon.
You worshipped Kikubaaqudgha.
Kikubaaqudgha was pleased with you.
You visited 1 branch of the dungeon, and saw 3 of its levels.

You collected 91 gold pieces.

Inventory:

Hand Weapons
 a - a +0 short sword (weapon)
Armour
 h - a +0 leather armour (worn)
 t - a +0 cloak (worn)
Magical Staves
 e - a staff of fire
Jewellery
 i - a ring of wizardry
 m - a ring of fire
 r - an amulet of magic regeneration
Wands
 b - a wand of flame (6)
Scrolls
 c - 2 scrolls of fog
 g - a scroll of blinking {unknown}
 j - a scroll of identify {unknown}
 k - a scroll of magic mapping {unknown}
 l - a scroll of noise {unknown}
 n - a scroll of enchant armour {unknown}
 q - a scroll of amnesia {unknown}
Potions
 f - 4 potions of attraction {unknown}
 o - a potion of ambrosia {unknown}
 p - a potion of resistance {unknown}
 s - a potion of lignification {unknown}


   Skills:
 + Level 1.7 Fighting
 + Level 4.9 Short Blades
 + Level 1.7 Long Blades
 + Level 1.7 Axes
 + Level 1.7 Maces & Flails
 + Level 1.7 Polearms
 + Level 1.7 Staves
 + Level 1.7 Ranged Weapons
 + Level 1.7 Throwing
 + Level 3.1 Armour
 + Level 1.7 Dodging
 + Level 1.7 Stealth
 + Level 1.7 Shields
 + Level 1.7 Unarmed Combat
 + Level 3.3 Spellcasting
 + Level 1.3 Conjurations
 + Level 1.3 Hexes
 + Level 1.3 Summonings
 + Level 8.9 Necromancy
 + Level 1.3 Translocations
 + Level 1.3 Transmutations
 + Level 1.3 Fire Magic
 + Level 1.3 Ice Magic
 + Level 1.3 Air Magic
 + Level 1.3 Earth Magic
 + Level 1.3 Poison Magic
 + Level 1.9 Invocations
 + Level 3.1 Evocations


You had 9 spell levels left.
You knew the following spells:

 Your Spells              Type           Power      Damage    Failure   Level
a - Necrotise             Necr           100%       1d9       1%          1

Your spell library contained the following spells:

 Spells                   Type           Power      Damage    Failure   Level
 Vampiric Draining        Necr           31%        2d8       1%          3
 Kiss of Death            Conj/Necr      76%        2d11      3%          1
 Animate Dead             Necr           31%        N/A       6%          4
 Dispel Undead            Necr           31%        3d14      6%          4
 Cigotuvi's Dreadful Rot  Necr/Pois/Air  30%        N/A       8%          2
 Ozocubu's Armour         Ice            6%         N/A       38%         3
 Stone Arrow              Conj/Erth      12%        3d7       38%         3
 Animate Armour           Summ/Erth      12%        N/A       80%         4
 Ozocubu's Refrigeration  Ice            3%         4d8       100%        7
 Lehudib's Crystal Spear  Conj/Erth      3%         10d2      100%        8


Dungeon Overview and Level Annotations

Branches:
Dungeon (3/15)

Altars:
Kikubaaqudgha


Innate Abilities, Weirdness & Mutations

You have very sharp teeth.
Your uncanny sense of smell can sniff out nearby items.
Your experience applies equally to all skills.


Message History

The orc hits you from afar with a +0 trident.
The orc priest hits you but does no damage.
Casting: Necrotise (safe; 1% risk of failure)
Confirm with . or Enter, or press ? or * to list all spells.
Aiming: Necrotise (safe; 1% risk of failure)
Press: ? - help, Shift-Dir - straight line, f/p - orc priest
Aim: an orc priest, wielding a +0 dagger (severely wounded, chance to affect: 83%)
The orc priest writhes in agony.
You kill the orc priest!
Kikubaaqudgha accepts your kill.
The dead are walking!
The orc hits you with a +0 hand axe.
The orc hits your orc priest skeleton with a +0 hand axe.
The orc barely misses you.
You hit the orc.
The orc is heavily wounded.
You hit the orc.
The orc is almost dead.
The orc hits you from afar with a +0 trident!
The orc hits you with a +0 hand axe.
The orc hits your orc priest skeleton with a +0 hand axe.
Your orc priest skeleton closely misses the orc.
You closely miss the orc.
The orc is almost dead.
The orc hits you from afar with a +0 trident.
The orc hits you with a +0 hand axe.
The orc hits your orc priest skeleton with a +0 hand axe.
You hit the orc.
You kill the orc!
Kikubaaqudgha accepts your kill.
The orc hits you from afar with a +0 trident!
* * * LOW HITPOINT WARNING * * *
Casting: Necrotise (safe; 1% risk of failure)
Confirm with . or Enter, or press ? or * to list all spells.
Aiming: Necrotise (safe; 1% risk of failure)
Press: ? - help, Shift-Dir - straight line, f - orc
Aim: an orc, wielding a +0 trident (ally target, chance to affect: 93%)
The orc writhes in agony.
The orc hits you from afar with a +0 trident!
You die...
Kikubaaqudgha rasps: "You have failed me!
Welcome... death!"

##### ∆
#...# #.@)#
#.).#
....Zo.
#.8........
#..........#
####.......#
#.........
#........8


You could see an orc (ally target) and a friendly orc priest skeleton.

Vanquished Creatures
  An orc priest (D:3)
  Crazy Yiuf (D:2)
  Jessica (D:2)
  4 gnolls
  2 adders (D:2)
  3 orcs (D:3)
  3 bats
  3 endoplasms
  A giant cockroach (D:1)
  3 goblins (D:1)
  7 hobgoblins
  7 quokkas
  4 ball pythons
  3 frilled lizards
  5 kobolds (D:1)
  4 rats
52 creatures vanquished.

Vanquished Creatures (collateral kills)
  An endoplasm (D:2)
  2 giant cockroaches (D:1)
  A bat (D:2)
  A rat (D:2)
5 creatures vanquished.

Grand Total: 57 creatures vanquished

Notes
Turn   | Place    | Note
-------+----------+-------------------------------------------
     0 | D:1      | McGhostyFace the Gnoll Wanderer began the quest for the
                  | Orb.
     0 | D:1      | McGhostyFace set off with the following items: a +0 short
                  | sword, a wand of flame (6), a scroll of fog, a +0 robe; and
                  | the following spell memorised: Necrotise; and the following
                  | spells available to memorise: Animate Dead, Dispel Undead.
     0 | D:1      | Reached XP level 1. HP: 13/13 MP: 4/4
   120 | D:1      | Reached XP level 2. HP: 19/19 MP: 5/5
   408 | D:1      | Found a faded altar of an unknown god.
   422 | D:1      | Reached XP level 3. HP: 25/25 MP: 1/7
   725 | D:1      | Reached skill level 1 in Invocations
  1348 | D:1      | Prayed at the altar of an unknown god.
  1348 | D:1      | Became a worshipper of Kikubaaqudgha
  1348 | D:1      | Reached * piety under Kikubaaqudgha
  1348 | D:1      | Received a gift from Kikubaaqudgha
  1390 | D:2      | Reached skill level 1 in Fighting
  1390 | D:2      | Reached skill level 1 in Long Blades
  1390 | D:2      | Reached skill level 1 in Axes
  1390 | D:2      | Reached skill level 1 in Maces & Flails
  1390 | D:2      | Reached skill level 1 in Polearms
  1390 | D:2      | Reached skill level 1 in Staves
  1390 | D:2      | Reached skill level 1 in Ranged Weapons
  1390 | D:2      | Reached skill level 1 in Throwing
  1390 | D:2      | Reached skill level 1 in Dodging
  1390 | D:2      | Reached skill level 1 in Stealth
  1390 | D:2      | Reached skill level 1 in Shields
  1390 | D:2      | Reached skill level 1 in Unarmed Combat
  1523 | D:2      | Noticed Jessica
  1531 | D:2      | Killed Jessica
  1532 | D:2      | Reached skill level 1 in Conjurations
  1532 | D:2      | Reached skill level 1 in Hexes
  1532 | D:2      | Reached skill level 1 in Summonings
  1532 | D:2      | Reached skill level 1 in Translocations
  1532 | D:2      | Reached skill level 1 in Transmutations
  1532 | D:2      | Reached skill level 1 in Fire Magic
  1532 | D:2      | Reached skill level 1 in Ice Magic
  1532 | D:2      | Reached skill level 1 in Air Magic
  1532 | D:2      | Reached skill level 1 in Earth Magic
  1532 | D:2      | Reached skill level 1 in Poison Magic
  1532 | D:2      | Reached XP level 4. HP: 25/32 MP: 4/8
  1876 | D:2      | Reached XP level 5. HP: 37/37 MP: 4/9
  1886 | D:2      | Reached ** piety under Kikubaaqudgha
  2065 | D:2      | Found a runed translucent door.
  2066 | D:2      | Noticed Crazy Yiuf
  2275 | D:2      | Killed Crazy Yiuf
  2503 | D:3      | Slain by an orc

Illustrated notes

Levels and vault maps discovered:
D:1:      amcnicky_arrival_blooded_trapdoor, layout_loops_ring,
          shapermc_ecumenical_altar_starsandcircs
D:2:      layout_basic, uniq_jessica, uniq_crazy_yiuf_cottage
D:3:      layout_loops_ring, tgw_trog, vehumet_crystals,
          okawaru_metal_pillars_1_2, nicolae_elevator_lobby_asterisk

Skill      XL: |  1  2  3  4  5 |
---------------+----------------+-----
Invocations    | 1 |  1.9
Fighting       | 1 |  1.7
Long Blades    | 1 |  1.7
Axes           | 1 |  1.7
Maces & Flails | 1 |  1.7
Polearms       | 1 |  1.7
Staves         | 1 |  1.7
Ranged Weapons | 1 |  1.7
Throwing       | 1 |  1.7
Dodging        | 1 |  1.7
Stealth        | 1 |  1.7
Shields        | 1 |  1.7
Unarmed Combat | 1 |  1.7
Spellcasting   | 3 |  3.3
Conjurations   | 1 |  1.3
Hexes          | 1 |  1.3
Summonings     | 1 |  1.3
Translocations | 1 |  1.3
Transmutations | 1 |  1.3
Fire Magic     | 1 |  1.3
Ice Magic      | 1 |  1.3
Air Magic      | 1 |  1.3
Earth Magic    | 1 |  1.3
Poison Magic   | 1 |  1.3
Armour         | 3 |  3.1
Evocations     | 3 |  3.1
Short Blades   | |  4.9
Necromancy     | |  8.9

Action                   |  1- 3 |  4- 6 || total
-------------------------+-------+-------++-------
Melee: Short sword       |    30 |    24 ||    54
       Bite              |     4 |     3 ||     7
       Punch             |     1 |       ||     1
 Cast: Necrotise         |    45 |    32 ||    77
 Stab: Sleeping          |       |     1 ||     1
Armor: Robe              |     4 |       ||     4
       Leather armour    |     8 |     5 ||    13
Dodge: Dodged            |    28 |    18 ||    46

Table legend: (Time is in decaauts)
 A = Elapsed time spent in this place.
 B = Non-inter-level travel time spent in this place.
 C = Inter-level travel time spent in this place.
 D = Time resting spent in this place.
 E = Time spent auto-exploring this place.
 F = Levels seen in this place.
 G = Mean time per level.
                   A        B        C        D        E       F      G
               +--------+--------+--------+--------+--------+-----+--------+
         Total |   2491 |   2259 |    232 |    496 |   1397 |   3 |  830.3 |
       Dungeon |   2491 |   2259 |    232 |    496 |   1397 |   3 |  830.3 |
               +--------+--------+--------+--------+--------+-----+--------+

Top non-repeatable levels by time:
     D:1: 1361 daAuts
     D:2: 1111 daAuts
     D:3: 17 daAuts
